 Dungeon Crawl Stone Soup version 0.28.0 (webtiles) character file.

Game seed: 11402448413037692779

504 ZombieSheep the Chopper (level 6, -2/53 HPs)
             Began as a Minotaur Gladiator on Feb 6, 2022.
             Slain by Sigmund (6 damage)
             ... on level 2 of the Dungeon.
             The game lasted 00:05:53 (3902 turns).

ZombieSheep the Chopper (Minotaur Gladiator)        Turns: 3902, Time: 00:05:54

Health: -2/53      AC:  9    Str: 19    XL:     6   Next: 96%
Magic:  0/5        EV: 11    Int:  5    God:
Gold:   141        SH:  0    Dex: 13    Spells: 5/5 levels left

rFire   . . .      SeeInvis .   a - +0 war axe
rCold   . . .      Faith    .   (no shield)
rNeg    . . .      Spirit   .   e - +0 scale mail
rPois   .          Reflect  .   c - +1 hat
rElec   .          Harm     .   b - +0 cloak
rCorr   .          Rampage  .   (no gloves)
Will    .....                   (no boots)
Stlth   ..........              (no amulet)
HPRegen 0.17/turn               (no ring)
MPRegen 0.09/turn               (no ring)

@: no status effects
A: horns 2, retaliatory headbutt
a: no special abilities


You were on level 2 of the Dungeon.
You visited 1 branch of the dungeon, and saw 4 of its levels.

You collected 141 gold pieces.

Inventory:

Hand Weapons
 a - a +0 war axe (weapon)
Armour
 b - a +0 cloak (worn)
 c - a +1 hat (worn)
 e - a +0 scale mail (worn)
Jewellery
 g - a ring of flight
Scrolls
 h - a scroll of immolation {unknown}
 l - a scroll of fear {unknown}
Potions
 f - a potion of lignification {unknown}
 i - 4 potions of curing
 j - a potion of flight {unknown}
 k - a potion of ambrosia {unknown}


   Skills:
 + Level 4.6 Fighting
 + Level 6.4 Axes
 - Level 2.0 Throwing
 + Level 3.7 Armour
 + Level 4.9 Dodging


You had 5 spell levels left.
You didn't know any spells.
Your spell library contained the following spells:

 Spells                   Type           Power      Damage    Failure   Level
 Summon Small Mammal      Summ           0%         N/A       83%         1
 Corpse Rot               Necr/Air       0%         N/A       93%         2
 Poisonous Vapours        Pois/Air       0%         N/A       93%         2
 Call Canine Familiar     Summ           0%         N/A       99%         3
 Gell's Gravitas          Tloc           0%         N/A       99%         3
 Lesser Beckoning         Tloc           0%         N/A       99%         3
 Summon Guardian Golem    Hex/Summ       0%         N/A       99%         3
 Teleport Other           Tloc           0%         N/A       99%         3


Dungeon Overview and Level Annotations

Branches:
Dungeon (4/15)
 Temple: D:4-7

Altars:
Nemelex Xobeh

Shops:
D:3 =   D:4 *

Annotations:
D:2 Sigmund
D:3 3 runed translucent doors, vvl's ghost, weakling DsVM


Innate Abilities, Weirdness & Mutations

You have a pair of horns on your head.
You reflexively headbutt those who attack you in melee.


Message History

You slash Sigmund!
Sigmund is almost dead.
Sigmund gestures wildly while chanting.
Sigmund flickers and vanishes!
Deactivating autopickup; reactivate with Ctrl-A.
Something wriggles in the net.
No target in view!
No target in view!
No target in view!
You barely miss something.
Something wriggles in the net.
All of a sudden the net rips apart!
You hit something. You headbutt something. Something hits you.
You feel your power leaking away.
You closely miss something. Something hits you but does no damage.
You closely miss something. Your headbutt misses something.
You barely miss something. Your headbutt misses something. Something hits you.
You feel your power leaking away.
You miss something. Something hits you.
You feel your power leaking away.
You hit something but do no damage. Something hits you but does no damage.
You miss something. Something hits you.
You barely miss something. You miss something. Your headbutt misses something.
Something hits you!
You closely miss something. Your headbutt misses something.
Something hits you but does no damage.
You miss something. Your punch misses something. Something hits you!
You feel your power leaking away.
You hit something but do no damage. You headbutt something. Something hits you!
* * * LOW HITPOINT WARNING * * *
You hit something but do no damage. Your headbutt misses something.
You hit something. Something hits you.
* * * LOW HITPOINT WARNING * * *
You closely miss something. Your headbutt misses something. Something hits you!
* * * LOW HITPOINT WARNING * * *
You miss something.
You hear some strange, mumbled words.
A magic dart appears from out of thin air!
The magic dart hits you but does no damage.
You closely miss something. Something hits you.
You die...

+....(..................'.
####....########.....####.
##.#.# ####..# ##
####.##### ##.# #
#.(......# #.# #.#...##.#
#.# #..###.# #.# #.. #.#
#.# #.. #@# #†# #.#..{##
##.#### #.###. #.)...# ..
#..##.# ##. #..##.## ..
#......# ## #.......
########


There were no monsters in sight!

Vanquished Creatures
  Eustachio (D:3)
  A water moccasin (D:4)
  A black bear (D:4)
  A centaur skeleton (D:3)
  An iguana (D:3)
  4 adders
  An adder skeleton (D:4)
  2 worms
  2 dart slugs (D:1)
  An orc (D:3)
  7 ball pythons
  3 endoplasms
  4 giant cockroaches
  5 goblins
  3 hobgoblins (D:4)
  7 jackals
  8 kobolds
  2 quokkas (D:1)
  3 bats
  3 frilled lizards (D:2)
  4 rats
64 creatures vanquished.

Vanquished Creatures (others)
  2 fungi (D:3)
  A plant (D:3)
3 creatures vanquished.

Grand Total: 67 creatures vanquished

Notes
Turn   | Place    | Note
-------+----------+-------------------------------------------
     0 | D:1      | ZombieSheep the Minotaur Gladiator began the quest for the
                  | Orb.
     0 | D:1      | Reached XP level 1. HP: 18/18 MP: 0/0
   270 | D:1      | Reached XP level 2. HP: 19/25 MP: 1/1
   273 | D:1      | Reached skill level 4 in Axes
   548 | D:1      | Reached skill level 1 in Armour
   857 | D:1      | Reached XP level 3. HP: 26/30 MP: 2/2
  1151 | D:2      | Noticed Sigmund
  1403 | D:3      | Reached XP level 4. HP: 32/38 MP: 3/3
  1522 | D:3      | Found Tiduiss's Jewellery Shop.
  1579 | D:3      | Found a runed translucent gate.
  1580 | D:3      | Found a runed translucent gate.
  1581 | D:3      | Found a runed translucent gate.
  1582 | D:3      | Noticed vvl's ghost (weakling DsVM)
  1615 | D:3      | Found a faded altar of an unknown god.
  1715 | D:3      | Identified the +0 leather armour "Qyront" {Str+6}
  1947 | D:4      | Noticed Eustachio
  2018 | D:3      | Killed Eustachio
  2019 | D:3      | Reached skill level 5 in Axes
  2019 | D:3      | Reached XP level 5. HP: 31/46 MP: 4/4
  2250 | D:4      | Noticed a black bear
  2261 | D:4      | Killed a black bear
  2262 | D:4      | Reached skill level 6 in Axes
  2262 | D:4      | Reached XP level 6. HP: 17/52 MP: 5/5
  2470 | D:4      | Found Taofutos's Lightly-Used Armoury.
  2654 | D:4      | Found a sparkling altar of Nemelex Xobeh.
  2840 | D:4      | Noticed a water moccasin
  2847 | D:4      | Killed a water moccasin
  3902 | D:2      | Slain by Sigmund

Illustrated notes

Levels and vault maps discovered:
D:1:      erik_arrival_cave_to_civilisation [erik_arrival_cave_to_hall],
          layout_basic
D:2:      layout_loops_corners, minmay_heptomino_o4, uniq_sigmund
D:3:      layout_basic, shapermc_ecumenical_altar_mp_ritualfount,
          gammafunk_ghost_necromancy, serial_shops, nicolae_shop_waterfront
D:4:      layout_basic, kennysheep_mini_moat, minmay_shop_damaged,
          grunt_decor_resistance, uniq_eustachio

Skill      XL: |  1  2  3  4  5 |
---------------+----------------+-----
Axes           | 4 5 6 |  6.4
Armour         | 1 2 3 |  3.7
Fighting       | 3 4 |  4.6
Dodging        | 4 |  4.9
Throwing       | |  2.0

Action                   |  1- 3 |  4- 6 || total
-------------------------+-------+-------++-------
Melee: War axe           |    58 |   115 ||   173
       Headbutt          |     7 |    17 ||    24
       Punch             |     1 |     2 ||     3
Throw: Throwing net      |     1 |     4 ||     5
  Use: Scroll            |     2 |     4 ||     6
 Stab: Held in net/web   |       |     1 ||     1
Armor: Scale mail        |    33 |    72 ||   105
Dodge: Dodged            |    28 |    83 ||   111
